 Dungeon Crawl Stone Soup version 0.30.1-4-g462c640d31 (webtiles) character file.

Game seed: 15551671734019262016

399 safid the Chiller (level 6, -4/48 HPs)
             Began as a Merfolk Ice Elementalist on Aug 21, 2023.
             Was an Initiate of Vehumet.
             Slain by Menkaure (20 damage)
             ... on level 4 of the Dungeon.
             The game lasted 00:06:34 (2959 turns).

safid the Chiller (Merfolk Ice Elementalist)        Turns: 2959, Time: 00:06:34

Health: -4/48      AC:  2    Str:  7    XL:     6   Next: 84%
Magic:  12/12      EV: 12    Int: 20    God:    Vehumet [......]
Gold:   128        SH:  0    Dex: 14    Spells: 6/13 levels left

rFire   . . .        s - +2 short sword (holy)
rCold   . . .        (no shield)
rNeg    . . .        a - +0 robe
rPois   .            (no helmet)
rElec   .            (no cloak)
rCorr   .            (no gloves)
SInv    .            (no boots)
Will    .....        (no amulet)
Stlth   ++           (no ring)
HPRegen 0.28/turn    (no ring)
MPRegen 0.13/turn

%: no passive effects
@: unable to drink
A: (nimble swimmer 2), mertail, clever 1, inability to drink after injury 1,
MP-powered wands
a: Renounce Religion


You were on level 4 of the Dungeon.
You worshipped Vehumet.
Vehumet was noncommittal.
You visited 2 branches of the dungeon, and saw 5 of its levels.

You collected 225 gold pieces.
You spent 97 gold pieces at shops.

Inventory:

Hand Weapons
 s - a +2 short sword of holy wrath (weapon)
 u - a +2 whip of electrocution
Armour
 a - a +0 robe (worn)
Scrolls
 c - 3 scrolls of immolation {unknown}
 e - 4 scrolls of identify {unknown}
 f - a scroll of poison {unknown}
 g - 3 scrolls of vulnerability {unknown}
 i - 3 scrolls of noise {unknown}
 k - a scroll of torment {unknown}
 l - a scroll of fog {unknown}
 m - a scroll of butterflies {unknown}
 o - a scroll of teleportation {unknown}
 q - a scroll of blinking
 r - a scroll of enchant armour {unknown}
 t - 3 scrolls of fear {unknown}
Potions
 b - a potion of magic
 d - a potion of lignification {unknown}
 j - a potion of berserk rage {unknown}
 n - a potion of curing {unknown}
 p - a potion of cancellation {unknown}


   Skills:
 + Level 4.0 Fighting
 - Level 2.6 Dodging
 - Level 2.1 Stealth
 + Level 4.0 Spellcasting
 + Level 6.2 Ice Magic


You had 6 spell levels left.
You knew the following spells:

 Your Spells              Type           Power      Damage    Failure   Level
a - Freeze                Ice            100%       1d10      1%          1
b - Frozen Ramparts       Ice            56%        1d9       3%          3
c - Ozocubu's Armour      Ice            28%        N/A       3%          3

Your spell library contained the following spells:

 Spells                   Type           Power      Damage    Failure   Level
 Apportation              Tloc           8%         N/A       13%         1
 Necrotise                Necr           16%        1d4       13%         1
 Summon Small Mammal      Summ           16%        N/A       13%         1
 Summon Ice Beast         Ice/Summ       16%        N/A       34%         4
 Call Canine Familiar     Summ           4%         N/A       36%         3
 Portal Projectile        Hex/Tloc       8%         N/A       36%         3
 Leda's Liquefaction      Hex/Erth       2%         N/A       77%         4


Dungeon Overview and Level Annotations

Branches:
Dungeon (4/15)             Temple (1/1) D:4

Altars:
Ashenzari
Cheibriados
Dithmenos
Elyvilon
Gozag
Hepliaklqana
Kikubaaqudgha
Makhleb
Okawaru
Qazlal
Sif Muna
Trog
Vehumet
Wu Jian
Yredelemnul
The Shining One

Shops:
D:3 ?

Annotations:
D:4 Menkaure


Innate Abilities, Weirdness & Mutations

((You are very nimble when in or above water. (Stealth+, EV+, Speed+++)))
Your lower body shifts to a powerful aquatic tail in water.
Your mind is acute. (Int +4, Str/Dex -1)
You occasionally lose the ability to drink potions when taking damage.
You expend magic power (3 MP) to strengthen your wands.


Message History

You see here a +0 whip of electrocution.
You hit the gnoll but do no damage. The gnoll hits you with a +0 whip.
You hit the gnoll but do no damage. The gnoll hits you with a +0 whip.
Menkaure gestures wildly while chanting.
Menkaure seems to speed up.
Unknown command.
You hit the gnoll.
The gnoll is lightly wounded.
The gnoll barely misses you. The gnoll hits you with a +0 whip.
Unknown command.
You closely miss the gnoll.
The gnoll is lightly wounded.
The gnoll hits you with a +0 whip.
Unknown command.
You hit the gnoll.
The gnoll is moderately wounded.
The gnoll completely misses you.
Unknown command.
You hit the gnoll.
The gnoll is severely wounded.
Menkaure's ankle releases a plume of dust as he confides, "I'm not really a mummy, you know."
The gnoll hits you with a +0 whip.
Unknown command.
You hit the gnoll. Lightning courses through the gnoll!!
You kill the gnoll!
Vehumet accepts your kill.
Your Fighting skill increases to level 4!
Unknown command.
Your +2 whip of electrocution stops crackling.
Your +2 short sword of holy wrath softly glows with a divine radiance!
s - a +2 short sword of holy wrath (weapon)
Menkaure barely misses you.
Unknown command.
You barely miss Menkaure. Menkaure hits you!
You feel threatened and lose the ability to drink potions!
You hit Menkaure.
Menkaure convulses.
Menkaure is moderately damaged.
Menkaure draws the symbol "Udjat" in the dust.
Menkaure hits you!!
You die...

#. ...... #.+#####......
#........>....
#.....g.......
#.............
##.......M....
##.....#..... ###
#.########## #.###..M@..#
##......###.# #.#
##..##..####.#####.#
#..................#
##...#.#.#....##.#.#
##..#.#.#.##....#.#
#............#...#######
#>.#.##.#.##.#..†#.....##
#..#....#..........)....#


You could see Menkaure (fast).

Vanquished Creatures
  A black bear (D:4)
  An orc priest (D:3)
  A sleepcap (D:4)
  An iguana (D:4)
  2 orc wizards
  6 adders
  3 gnolls (D:4)
  A worm (D:2)
  3 dart slugs
  12 orcs
  6 ball pythons
  4 endoplasms
  2 giant cockroaches (D:1)
  6 goblins
  7 hobgoblins
  2 jackals (D:3)
  2 kobolds
  5 quokkas
  6 bats
  4 frilled lizards
  3 rats
78 creatures vanquished.

Notes
Turn   | Place    | Note
-------+----------+-------------------------------------------
     0 | D:1      | safid the Merfolk Ice Elementalist began the quest for the
                  | Orb.
     0 | D:1      | Reached XP level 1. HP: 13/13 MP: 3/3
   140 | D:1      | Reached XP level 2. HP: 11/20 MP: 1/5
   247 | D:1      | Reached skill level 1 in Fighting
   676 | D:2      | Reached XP level 3. HP: 19/26 MP: 3/6
  1376 | D:2      | Gained mutation: You are frail. (-10% HP) [potion of
                  | mutation]
  1376 | D:2      | Gained mutation: You sometimes lose your temper in combat.
                  | [potion of mutation]
  1376 | D:2      | Gained mutation: You are agile. (Dex +4, Str/Int -1)
                  | [potion of mutation]
  1384 | D:2      | Reached skill level 5 in Ice Magic
  1384 | D:2      | Reached XP level 4. HP: 24/29 MP: 1/8
  1417 | D:2      | Lost mutation: You are frail. (-10% HP) [potion of
                  | mutation]
  1417 | D:2      | Lost mutation: You are agile. (Dex +4, Str/Int -1) [potion
                  | of mutation]
  1417 | D:2      | Lost mutation: You sometimes lose your temper in combat.
                  | [potion of mutation]
  1417 | D:2      | Gained mutation: You expend magic power (3 MP) to
                  | strengthen your wands. [potion of mutation]
  1417 | D:2      | Gained mutation: You occasionally lose the ability to drink
                  | potions when taking damage. [potion of mutation]
  1417 | D:2      | Gained mutation: Your mind is acute. (Int +4, Str/Dex -1)
                  | [potion of mutation]
  1577 | D:3      | Learned a level 3 spell: Frozen Ramparts
  1581 | D:3      | Learned a level 3 spell: Ozocubu's Armour
  1789 | D:3      | Found Derchimai's Magic Scroll Shop.
  1810 | D:3      | Reached XP level 5. HP: 39/39 MP: 3/9
  1900 | D:3      | Bought a scroll of blinking for 97 gold pieces
  2283 | D:4      | Found a staircase to the Ecumenical Temple.
  2301 | Temple   | Entered the Ecumenical Temple
  2478 | Temple   | Became a worshipper of Vehumet
  2573 | D:4      | Reached XP level 6. HP: 44/47 MP: 4/11
  2740 | D:4      | Noticed a black bear
  2764 | D:4      | Killed a black bear
  2765 | D:4      | Reached skill level 6 in Ice Magic
  2937 | D:4      | Noticed Menkaure
  2959 | D:4      | Slain by Menkaure

Illustrated notes

Levels and vault maps discovered:
D:1:      dpeg_arrival_leaves_temple_mockup, layout_rooms
D:2:      minmay_angry_zag, layout_basic, kennysheep_generic_room_10
D:3:      layout_rooms, serial_shops, nicolae_shop_getting_attention,
          grunt_decor_arrowhead, grunt_ministairs_2
D:4:      kennysheep_six_static_rooms, layout_rooms, zin_academy,
          minmay_temple_entry_ruins, serial_rivers,
          chequers_serial_rivers_room_a, chequers_serial_rivers_room_a,
          chequers_serial_rivers_marsh, chequers_serial_rivers_room_b,
          uniq_menkaure
Temple:   eino_temple_rhombus

Skill      XL: |  1  2  3  4  5  6 |
---------------+-------------------+-----
Fighting       | 1 2 3 4 |  4.0
Ice Magic      | 5 6 |  6.2
Spellcasting   | 3 4 |  4.0
Dodging        | |  2.6
Stealth        | |  2.1

Action                     |  1- 3 |  4- 6 || total
---------------------------+-------+-------++-------
  Melee: Whip              |    77 |    99 ||   176
         Punch             |     1 |     2 ||     3
         Short sword       |       |     2 ||     2
   Cast: Freeze            |    32 |     7 ||    39
         Frozen Ramparts   |       |     8 ||     8
         Ozocubu's Armour  |       |     5 ||     5
    Use: Potion            |     2 |     1 ||     3
   Stab: Sleeping          |     4 |     3 ||     7
 Armour: Robe              |    40 |    14 ||    54
  Dodge: Dodged            |    83 |    62 ||   145
